 Dungeon Crawl Stone Soup version 0.26-a0-597-gb535b0901c (webtiles) character file.

Game seed: 9546773475458272085

43 HoaS the Shield-Bearer (level 3, 0/29 HPs)
             Began as a Formicid Fighter on Aug 26, 2020.
             Slain by a goblin
             ... wielding a +0 club
             ... led by Robin
              (3 damage)
             ... on level 2 of the Dungeon.
             The game lasted 00:02:55 (955 turns).

HoaS the Shield-Bearer (Formicid Fighter)            Turns: 955, Time: 00:02:55

Health: 0/29       AC:  6    Str: 21    XL:     3   Next: 82%
Magic:  3/3        EV:  8    Int:  7    God:
Gold:   49         SH:  9    Dex: 10    Spells: 2/2 levels left

rFire    . . .     SeeInvis +   a - +0 quarterstaff
rCold    . . .     Faith    .   c - +0 kite shield
rNeg     . . .     Spirit   .   b - +0 scale mail
rPois    .         Reflect  .   (helmet unavailable)
rElec    .         Harm     .   (no cloak)
rCorr    .                      (no gloves)
MR       .....                  (no boots)
Stlth    ..........             (no amulet)
HPRegen  0.09/turn              (no ring)
MPRegen  0.08/turn              (no ring)

@: no status effects
A: permanent stasis, dig shafts and tunnels, four strong arms, antennae 3
a: Dig, Shaft Self


You were on level 2 of the Dungeon.
You visited 1 branch of the dungeon, and saw 2 of its levels.

You collected 49 gold pieces.

Inventory:

Hand Weapons
 a - a +0 quarterstaff (weapon)
Armour
 b - a +0 scale mail (worn)
 c - a +0 kite shield (worn)
Jewellery
 f - a +4 ring of evasion {unknown}
 i - a +6 ring of dexterity {unknown}
Potions
 d - a potion of might
 g - 2 potions of curing
 h - a potion of berserk rage {unknown}


   Skills:
 - Level 3.2 Fighting
 * Level 3.3 Staves
 - Level 3.2 Armour
 + Level 4.2 Shields


You had 2 spell levels left.
You didn't know any spells.
Your spell library was empty.

Dungeon Overview and Level Annotations

Branches:
Dungeon (2/15)

Altars:

Annotations:
D:2 Robin


Innate Abilities, Weirdness & Mutations

You cannot be hasted, slowed, berserked, paralysed or teleported.
You can dig through walls and to a lower floor.
Your four strong arms can wield two-handed weapons with a shield.
You have a pair of large antennae on your head. (SInv)


Message History

The goblin misses you. The goblin barely misses you.
The goblin closely misses you.
You barely miss the goblin. The goblin hits you but does no damage.
The goblin completely misses you. The goblin misses you.
The goblin closely misses you.
You barely miss the goblin. The goblin closely misses you.
The goblin barely misses you. x2; The goblin completely misses you.
You barely miss the goblin.
The goblin hits you but does no damage. x2
The goblin barely misses you. The goblin misses you.
You release spores at the goblin!
You kill the goblin!
The goblin misses you. x2; The goblin hits you but does no damage.
You barely miss the goblin.
You stop sporulating.
Your +0 quarterstaff unmelds from your body.
Your +0 kite shield unmelds from your body.
Your +0 scale mail unmelds from your body.
You block the goblin's attack. The goblin hits you but does no damage.
The goblin hits you with a +0 club.
You die...

.... ..$.#####.#
......##.#.# .
#.#..##.#.# ..
#....##.#.#
.##.##....##.#.#
......ggg.##.#.#
#...)@...#.#.# {
......).....)#.#####.#
?...............<....#
#$###.....####.#######
# #...g......#
#..?######## ....##
##.# ..


You could see Robin (confused) and 3 goblins.

Vanquished Creatures
  An ooze (D:1)
  A giant cockroach (D:1)
  16 goblins
  3 hobgoblins
  4 kobolds (D:1)
  A ball python (D:1)
  5 bats (D:1)
  A frilled lizard (D:1)
  2 rats (D:1)
34 creatures vanquished.

Notes
Turn   | Place    | Note
-------+----------+-------------------------------------------
     0 | D:1      | HoaS the Formicid Fighter began the quest for the Orb.
     0 | D:1      | Reached XP level 1. HP: 18/18 MP: 1/1
   196 | D:1      | Reached XP level 2. HP: 24/24 MP: 2/2
   290 | D:1      | Reached skill level 4 in Shields
   477 | D:1      | Reached XP level 3. HP: 27/29 MP: 3/3
   927 | D:2      | Noticed Robin
   955 | D:2      | Slain by a goblin

Illustrated notes

Levels and vault maps discovered:
D:1:      scummos_arrival_hexagon, layout_loops_corners, st_stairs_5,
          minmay_crystal_room
D:2:      layout_loops_ring, uniq_robin

Skill      XL: |  1  2  3 |
---------------+----------+-----
Shields        | 4 |  4.2
Staves         | 3 |  3.3
Fighting       | |  3.2
Armour         | |  3.2

Action                   || total
-------------------------++-------
Melee: Quarterstaff      ||    84
       Unarmed           ||    26
  Use: Scroll            ||     3
Armor: Scale mail        ||    45
       Skin              ||    24
Dodge: Dodged            ||    98
Block: Kite shield       ||    56

Table legend: (Time is in decaauts)
 A = Elapsed time spent in this place.
 B = Non-inter-level travel time spent in this place.
 C = Inter-level travel time spent in this place.
 D = Time resting spent in this place.
 E = Time spent auto-exploring this place.
 F = Levels seen in this place.
 G = Mean time per level.
                   A        B        C        D        E       F      G
               +--------+--------+--------+--------+--------+-----+--------+
         Total |    972 |    948 |     24 |      0 |    720 |   2 |  486.0 |
       Dungeon |    972 |    948 |     24 |      0 |    720 |   2 |  486.0 |
               +--------+--------+--------+--------+--------+-----+--------+

Top non-repeatable levels by time:
     D:1: 934 daAuts
     D:2: 38 daAuts
